 Dungeon Crawl Stone Soup version 0.25.1-2-g60ff931df9 (webtiles) character file.

Game seed: 5855182135629504015

21728 Curus the Basher (level 12, -7/73 HPs)
             Began as a Gargoyle Fighter on Aug 5, 2020.
             Was an Elder of Makhleb.
             Mangled by a death yak (10 damage)
             ... on level 4 of the Lair of Beasts.
             The game lasted 01:04:00 (12409 turns).

Curus the Basher (Gargoyle Fighter)                Turns: 12409, Time: 01:04:01

Health: -7/73      AC: 26    Str: 19    XL:     12   Next: 93%
Magic:  19/19      EV:  6    Int: 11    God:    Makhleb [****..]
Gold:   1087       SH: 14    Dex: 13    Spells: 11/11 levels left

rFire    + . .     SeeInvis +   a - +1 flail
rCold    . . .     Gourm    .   c - +2 kite shield
rNeg     + . .     Faith    .   J - +0 chain mail {rF+}
rPois    ∞         Spirit   .   E - +0 helmet
rElec    +         Reflect  .   e - +1 cloak
rCorr    .         Harm     .   x - +0 pair of gloves
MR       +....     Rnd*Rage +   h - +0 pair of boots
Stlth    ..........             l - amulet of regeneration
HPRegen  0.62/turn              n - ring of protection from magic
MPRegen  0.16/turn              G - ring of see invisible

@: no status effects
A: berserk 1, negative energy resistance 1, electricity resistance, unbreathing,
petrification resistance, rot immunity, MP-powered wands, AC +8
a: Minor Destruction, Lesser Servant of Makhleb, Major Destruction, Renounce
Religion


You were on level 4 of the Lair of Beasts.
You worshipped Makhleb.
Makhleb was greatly pleased with you.
You were hungry.

You visited 3 branches of the dungeon, and saw 16 of its levels.

You collected 1087 gold pieces.

Inventory:

Hand Weapons
 a - a +1 flail (weapon)
Armour
 b - a +0 scale mail
 c - a +2 kite shield (worn)
 e - a +1 cloak (worn)
 h - a +0 pair of boots (worn)
 p - a +0 chain mail
 x - a +0 pair of gloves (worn)
 z - a +0 plate armour
 E - a +0 helmet (worn)
 J - a +0 chain mail of fire resistance (worn)
 M - a +1 hat of see invisible
Jewellery
 l - an amulet of regeneration (around neck)
 n - a ring of protection from magic (left hand)
 o - an uncursed amulet of faith
 q - a cursed amulet of inaccuracy
 y - an uncursed amulet of the acrobat
 B - an uncursed ring of fire
 D - an uncursed ring of stealth
 G - a ring of see invisible (right hand)
 K - an uncursed ring of ice
 L - an uncursed amulet of reflection
Wands
 g - a wand of acid (13)
 t - a wand of digging (4)
 v - a wand of flame (19)
 C - a wand of enslavement (10)
 N - a wand of disintegration (23)
 P - a wand of paralysis (8)
Scrolls
 d - 2 scrolls of amnesia
 j - 7 scrolls of identify
 k - 6 scrolls of remove curse
 u - a scroll of fog
 F - 3 scrolls of teleportation
 H - 2 scrolls of magic mapping
Potions
 i - 5 potions of ambrosia
 m - 6 potions of curing
 r - 5 potions of flight
 s - a potion of invisibility
 w - 2 potions of heal wounds
 A - 3 potions of brilliance
 I - 2 potions of cancellation
 O - a potion of stabbing
Comestibles
 f - 40 rations


   Skills:
 - Level 7.8 Fighting
 - Level 14.0 Maces & Flails
 - Level 7.8 Armour
 - Level 10.0 Shields
 * Level 9.6 Invocations
 + Level 2.9 Evocations


You had 11 spell levels left.
You didn't know any spells.
Your spell library contained the following spells:

 Spells                   Type           Power        Failure   Level  Hunger
 Animate Skeleton         Necr           N/A          99%         1    ##.....
 Beastly Appendage        Tmut           #.....       99%         1    ##.....
 Corona                   Hex            #......      99%         1    ##.....
 Pain                     Necr           #...         99%         1    ##.....
 Sting                    Tmut/Pois      #...         99%         1    ##.....
 Ensorcelled Hibernation  Hex/Ice        #.....       100%        2    ###....
 Poisonous Vapours        Pois/Air       #.....       100%        2    ###....
 Sticks to Snakes         Tmut           #.......     100%        2    ###....
 Confusing Touch          Hex            #.......     100%        3    ####...
 Dazzling Flash           Conj/Hex       #.....       100%        3    ####...
 Ignite Poison            Fire/Tmut/Pois #.......     100%        3    ####...
 Mephitic Cloud           Conj/Pois/Air  #.......     100%        3    ####...
 Spider Form              Tmut/Pois      #.........   100%        3    ####...
 Tukima's Dance           Hex            #.......     100%        3    ####...
 Vampiric Draining        Necr           #.........   100%        3    ####...
 Animate Dead             Necr           N/A          100%        4    #####..
 Ice Form                 Ice/Tmut       #.......     100%        4    #####..
 Olgreb's Toxic Radiance  Pois           #.......     100%        4    #####..
 Agony                    Necr           #.......     100%        5    ######.
 Blade Hands              Tmut           #.........   100%        5    ######.


Dungeon Overview and Level Annotations

Branches:
Dungeon (10/15)            Temple (1/1) D:4            Lair (5/6) D:10
 Shoals (0/4) Lair:2        Snake (0/4) Lair:3
  Slime: Lair:5-6       Orc: D:9-12

Altars:
Ashenzari
Dithmenos
Gozag
Makhleb
Qazlal
Ru
Uskayaw
Xom
Yredelemnul
The Shining One

Annotations:
Lair:1 3 runed translucent doors, Bets's ghost, novice DsGl; Colgate's ghost, journeyman DsGl
Lair:4 exclusion: 2 oklob plants


Innate Abilities, Weirdness & Mutations

You are resistant to torment.
Your stone body is resilient. (AC +8)
You are immune to poison.
You resist negative energy. (rN+)
You are resistant to electric shocks. (rElec)
You can survive without breathing.
You are immune to petrification.
You are immune to rotting.
You tend to lose your temper in combat.
You expend magic power (3 MP) to strengthen your wands.


Message History

You block the death yak's attack.
You sock the death yak!
The death yak is moderately wounded.
The death yak gores you!
You sock the death yak!
The death yak is moderately wounded.
You hit the death yak.
The death yak is moderately wounded.
You block the death yak's attack.
You hit the death yak but do no damage.
The death yak is moderately wounded.
The death yak gores you!
* * * LOW HITPOINT WARNING * * *
You hit the death yak but do no damage.
The death yak is moderately wounded.
The death yak gores you but does no damage.
The death yak gores you!
* * * LOW HITPOINT WARNING * * *
A demon appears!
The death yak gores you!
You die...

P...≈♣P♣P≈≈≈♣♣♣♣≈.######
....♣♣♣♣♣♣≈.♣♣♣♣♣P# ###
#....♣..♣≈≈♣♣.♣♣♣## ######### #.#
.......♣♣♣≈♣♣..#♣## #.#.#...###..
........♣P≈≈♣..##.###......P.....
#.......♣♣.♣♣....................
.........#....3..................
.#.>...#........Y................
..P.............@†...............
.................P...............
................[................
.................................
.................................
.#.....#.........................
#.........#.#....................
#........######......)...........
.........# #............#......


You could see a death yak and a friendly neqoxec (summoned).

Vanquished Creatures
  2 hydras
  Erica (D:8)
  A death yak (Lair:4)
  2 black mambas (Lair:3)
  6 spiny frogs
  A rime drake (Lair:2)
  4 komodo dragons
  A polar bear (Lair:3)
  A troll (D:9)
  Prince Ribbit (D:7)
  4 blink frogs (Lair:2)
  A hippogriff (D:8)
  2 dream sheep (D:8)
  4 wyverns
  22 yaks
  3 basilisks
  2 hungry ghosts (D:9)
  A naga (Lair:3)
  11 water moccasins
  5 porcupines
  Duvessa (D:6)
  5 orc warriors
  2 sky beasts (D:8)
  An ice beast (D:9)
  A black bear (D:9)
  A hornet zombie (D:6)
  2 phantoms
  3 necrophages
  5 ogres
  7 centaurs
  6 crocodiles
  4 big kobolds (D:8)
  A wyvern zombie (D:7)
  14 bullfrogs
  Dowan (D:6)
  2 scorpions
  4 wights (D:7)
  5 crimson imps
  A centaur zombie (D:9)
  5 hounds
  2 bullfrog skeletons
  2 orc priests
  A jelly (D:6)
  6 orc wizards
  3 iguanas
  3 hell rats (Lair:1)
  10 worker ants
  2 hound skeletons
  A worker ant zombie (D:9)
  7 adders
  4 gnolls
  8 river rats (Lair:1)
  An ooze (D:2)
  2 adder skeletons
  A worm (D:2)
  3 dart slugs
  3 leopard geckos
  31 orcs
  8 bats
  4 giant cockroaches
  3 goblins
  8 hobgoblins
  5 quokkas
  2 ball pythons
  A frilled lizard (D:3)
  A jackal skeleton (D:5)
  14 kobolds
  A leopard gecko skeleton (D:8)
  10 rats
293 creatures vanquished.

Vanquished Creatures (collateral kills)
  Gastronok (Lair:2)
  A lindwurm (Lair:3)
2 creatures vanquished.

Vanquished Creatures (others)
  2 fungi
  2 plants (D:10)
  4 withered plants (Lair:1)
8 creatures vanquished.

Grand Total: 303 creatures vanquished

Notes
Turn   | Place    | Note
-------+----------+-------------------------------------------
     0 | D:1      | Curus the Gargoyle Fighter began the quest for the Orb.
     0 | D:1      | Reached XP level 1. HP: 14/14 MP: 1/1
   156 | D:1      | Found a shimmering altar of Xom.
   158 | D:1      | Found an iron altar of Okawaru.
   158 | D:1      | Found an opulent altar of Gozag.
   160 | D:1      | Found a shimmering altar of Xom.
   160 | D:1      | Found a glowing golden altar of the Shining One.
   160 | D:1      | Found a basalt altar of Yredelemnul.
   276 | D:1      | Reached XP level 2. HP: 19/19 MP: 2/2
   644 | D:2      | Reached skill level 3 in Maces & Flails
   660 | D:2      | Reached XP level 3. HP: 23/23 MP: 3/3
   689 | D:1      | Reached skill level 4 in Maces & Flails
   999 | D:2      | Found an opulent altar of Gozag.
  1049 | D:2      | Reached XP level 4. HP: 27/28 MP: 4/4
  1300 | D:2      | Found a faded altar of an unknown god.
  1917 | D:3      | Reached skill level 5 in Maces & Flails
  1917 | D:3      | Reached XP level 5. HP: 32/32 MP: 5/5
  2138 | D:3      | You fall into a shaft and drop 1 floor!
  2244 | D:4      | Reached skill level 6 in Maces & Flails
  2244 | D:4      | Reached XP level 6. HP: 37/37 MP: 6/6
  2256 | D:4      | Gained mutation: You tend to lose your temper in combat.
                  | [potion of mutation]
  2256 | D:4      | Gained mutation: You expend magic power (3 MP) to
                  | strengthen your wands. [potion of mutation]
  2325 | D:4      | Reached skill level 7 in Maces & Flails
  2414 | D:4      | Noticed a necrophage
  2422 | D:4      | Reached XP level 7. HP: 7/41 MP: 7/7
  2598 | D:4      | Found a sacrificial altar of Ru.
  2673 | D:4      | Reached skill level 8 in Maces & Flails
  2684 | D:4      | Found a staircase to the Ecumenical Temple.
  3396 | D:4      | Found a glowing golden altar of the Shining One.
  3396 | D:4      | Found a shadowy altar of Dithmenos.
  3521 | D:4      | Found a shattered altar of Ashenzari.
  3589 | Temple   | Entered the Ecumenical Temple
  3627 | Temple   | Became a worshipper of Makhleb the Destroyer
  3675 | D:5      | Entered Level 5 of the Dungeon
  4037 | D:5      | Reached skill level 9 in Maces & Flails
  4037 | D:5      | Reached XP level 8. HP: 45/46 MP: 8/8
  4539 | D:6      | Reached * piety under Makhleb
  4585 | D:6      | Noticed Duvessa
  4585 | D:6      | Noticed Dowan
  4605 | D:6      | Killed Duvessa
  4605 | D:6      | Reached skill level 10 in Maces & Flails
  4606 | D:6      | Killed Dowan
  4894 | D:6      | Reached skill level 11 in Maces & Flails
  5010 | D:6      | Reached XP level 9. HP: 51/51 MP: 9/9
  5536 | D:7      | Reached skill level 12 in Maces & Flails
  5606 | D:7      | Reached ** piety under Makhleb
  5629 | D:7      | Noticed Prince Ribbit
  5660 | D:7      | Killed Prince Ribbit
  6102 | D:8      | Reached skill level 13 in Maces & Flails
  6205 | D:8      | Reached XP level 10. HP: 56/56 MP: 10/10
  6237 | D:8      | Noticed Erica
  6253 | D:8      | Killed Erica
  6253 | D:8      | Reached skill level 14 in Maces & Flails
  6559 | D:8      | Reached *** piety under Makhleb
  6618 | D:8      | Reached skill level 5 in Fighting
  6618 | D:8      | Reached skill level 5 in Armour
  6841 | D:8      | Noticed a two-headed hydra
  6853 | D:8      | Killed a two-headed hydra
  7060 | D:9      | Reached XP level 11. HP: 60/66 MP: 11/11
  7896 | D:10     | Entered Level 10 of the Dungeon
  8010 | D:10     | Found a staircase to the Lair.
  8058 | Lair:1   | Entered Level 1 of the Lair of Beasts
  8078 | Lair:1   | Reached **** piety under Makhleb
  8141 | Lair:1   | Reached skill level 1 in Invocations
  8211 | Lair:1   | Reached skill level 1 in Evocations
  8544 | Lair:1   | Reached skill level 5 in Shields
  8622 | Lair:1   | Found a runed translucent gate.
  8622 | Lair:1   | Found a runed translucent gate.
  8623 | Lair:1   | Found a runed translucent gate.
  8624 | Lair:1   | Noticed Colgate's ghost (journeyman DsGl)
  8624 | Lair:1   | Noticed Bets's ghost (novice DsGl)
  9167 | Lair:2   | Found a staircase to the Shoals.
  9180 | Lair:2   | Reached skill level 5 in Invocations
  9248 | Lair:2   | Reached XP level 12. HP: 73/73 MP: 16/16
  9304 | Lair:2   | Noticed Gastronok
  9327 | Lair:2   | Killed Gastronok
 10115 | Lair:3   | Noticed a four-headed hydra
 10136 | Lair:2   | Killed a four-headed hydra
 10267 | Lair:3   | Found a staircase to the Snake Pit.
 12288 | Lair:5   | Reached skill level 10 in Shields
 12363 | Lair:5   | Noticed a death yak
 12363 | Lair:5   | Noticed a death yak
 12363 | Lair:5   | Noticed a death yak
 12379 | Lair:5   | Noticed a death yak
 12398 | Lair:4   | Killed a death yak
 12409 | Lair:4   | Mangled by a death yak

Illustrated notes

Levels and vault maps discovered:
D:1:      giann_bridges, layout_loops_ring, nrook_campfire, doesnt_xom_only_xom
D:2:      layout_basic, nicolae_overflow_crystal_walls,
          chequers_ecumenical_altar_simple
D:3:      layout_loops_corners, first_ration
D:4:      layout_cave_pools, lemuel_coloured_pillars_altar,
          gammafunk_temple_overflow_wave, minmay_temple_entry_overgrown,
          hangedman_ru_absence
D:5:      layout_loops_cross
D:6:      layout_basic, roderic_lattice_a, uniq_duvessa
D:7:      layout_basic, uniq_prince_ribbit1
D:8:      layout_cave_pools, hangedman_ranch [blue_anna_fruit_fields],
          minmay_fractal_squares_5, uniq_erica
D:9:      layout_irregular_city, kennysheep_generic_room_12
D:10:     layout_basic, david_lair_shrubbed, grunt_qazlal_clouds
Temple:   dpeg_five_rooms_temple
Lair:1:   layout_roguey, gammafunk_ghost_cemetery,
          nicolae_lair_grove_arrangements, kennysheep_abandoned_house
Lair:2:   layout_chaotic_city, shoals_dummy_entry, uniq_gastronok
Lair:3:   layout_chaotic_city, guppyfry_snake_entry_island
Lair:4:   layout_hall_layers, serial_bayou_crossing, minmay_lair_oklob_chamber
Lair:5:   layout_regular_city, grunt_megastairs_3

Skill      XL: |  1  2  3  4  5  6  7  8  9 10 11 12 |
---------------+-------------------------------------+-----
Maces & Flails | 3 4 5 6 7 9 11 13 14 | 14.0
Fighting       | 6 7 |  7.8
Armour         | 6 7 |  7.8
Invocations    | 5 9 |  9.6
Evocations     | 2 |  2.9
Shields        | 6 10 | 10.0

Action                   |  1- 3 |  4- 6 |  7- 9 | 10-12 || total
-------------------------+-------+-------+-------+-------++-------
Melee: Flail             |    63 |   199 |   513 |  1221 ||  1996
Invok: Minor Destruction |       |       |     2 |     2 ||     4
       Lesser Servant of |       |       |       |     3 ||     3
Evoke: Wand              |       |       |       |     1 ||     1
  Use: Potion            |     1 |     6 |     4 |     5 ||    16
       Scroll            |     2 |     4 |     5 |     5 ||    16
  Eat: Chunk             |       |     5 |    10 |    27 ||    42
       Ration            |       |       |     1 |       ||     1
Armor: Scale mail        |    31 |   108 |       |       ||   139
       Chain mail        |       |    18 |   274 |   140 ||   432
       Plate armour      |       |       |       |   444 ||   444
Dodge: Dodged            |    20 |    71 |    83 |   125 ||   299
Block: Kite shield       |    34 |   105 |   206 |   535 ||   880
